 Dungeon Crawl Stone Soup version 0.31-a0-187-gba352fbbf7 (webtiles) character file.

Game seed: 14977206056670186811

254 qw the Skirmisher (level 5, 0/30 HPs)
             Began as a Deep Elf Hunter on June 22, 2023.
             Slain by an adder (2 damage)
             ... on level 4 of the Dungeon.
             The game lasted 00:00:43 (2207 turns).

qw the Skirmisher (Deep Elf Hunter)                 Turns: 2207, Time: 00:00:43

Health: 0/30       AC:  7    Str: 10    XL:     5   Next: 90%
Magic:  7/7        EV: 11    Int: 14    God:
Gold:   189        SH:  0    Dex: 18    Spells: 4/4 levels left

rFire   . . .        Y - +2 orcbow (flame)
rCold   . . .        (shield currently unavailable)
rNeg    . . .        f - +0 ring mail
rPois   .            (no helmet)
rElec   .            (no cloak)
rCorr   .            d - +1 pair of gloves
SInv    .            (no boots)
Will    .....        (no amulet)
Stlth   +            (no ring)
HPRegen 0.25/turn    (no ring)
MPRegen 0.10/turn

%: no passive effects
@: no status effects
A: no striking features
a: no special abilities


You were on level 4 of the Dungeon.
You visited 1 branch of the dungeon, and saw 4 of its levels.

You collected 189 gold pieces.


   Skills:
 - Level 2.0 Fighting
 + Level 9.3 Ranged Weapons
 - Level 2.4 Dodging
 - Level 1.2 Stealth


You had 4 spell levels left.
You didn't know any spells.
Your spell library was empty.

Inventory:

Hand Weapons
 Y - a +2 orcbow of flaming (weapon)
Armour
 d - a +1 pair of gloves (worn)
 f - a +0 ring mail (worn)
Scrolls
 c - 2 scrolls of identify
Potions
 a - a potion of haste {unknown}
 b - a potion of magic {unknown}
 g - a potion of lignification {unknown}

Dungeon Overview and Level Annotations

Branches:
Dungeon (4/15)
 Temple: D:4-7

Altars:


Message History

You shoot an arrow. The arrow hits the orc wizard!
The arrow burns the orc wizard.
The orc wizard is heavily wounded.
The adder misses you.
The orc wizard gestures at you while chanting.
You are confused.
2200 ||| DRINKING potion of curing.
You feel better.
2200 ||| (to cure confusion)
The adder barely misses you.
The orc wizard points at you and mumbles some strange words.
You resist with some effort. The adder bites you but does no damage.
You shoot an arrow.
The arrow closely misses the orc wizard.
The adder bites you.
The orc wizard hits you but does no damage.
The worm barely misses you.
You shoot an arrow. The arrow barely misses the orc wizard.
The adder bites you. The orc wizard misses you.
The adder bites you but does no damage.
You shoot an arrow.
The arrow hits the orc wizard but does no damage.
The orc wizard is heavily wounded.
The orc wizard gestures at you while chanting.
The magic dart hits you. The adder bites you. The worm barely misses you.
You shoot an arrow.
The arrow closely misses the orc wizard.
The adder bites you.
The orc wizard hits you but does no damage.
The worm closely misses you. The adder bites you but does no damage.
You shoot an arrow. The arrow hits the orc wizard!
The arrow burns the orc wizard.
You kill the orc wizard!
The adder bites you but does no damage.
You shoot an arrow. The arrow hits the worm!
The arrow burns the worm.
The worm is heavily wounded.
The adder bites you but does no damage. The worm bites you.
You shoot an arrow. The arrow hits the worm!
The arrow burns the worm.
You kill the worm!
The adder bites you.
You die...

#.# ## ######.# ..
.......# .# ######.# .#
######.# .# # ....##.# .#
..
....##.###########.#.###
....##..........)).....#
..).............@S......>
....##############.#.#...
....# ?# # . ##### S# o#
.# o#


You could see an adder.

Vanquished Creatures
  A hound (D:4)
  An orc priest (D:4)
  2 orc wizards (D:4)
  4 gnolls (D:3)
  4 adders
  2 worms
  5 dart slugs (D:1)
  2 orcs
  7 bats
  4 endoplasms
  3 goblins
  8 hobgoblins
  9 kobolds
  A quokka (D:2)
  4 ball pythons
  2 frilled lizards
  2 rats
61 creatures vanquished.

Notes
Turn   | Place    | Note
-------+----------+-------------------------------------------
     0 | D:1      | qw the Deep Elf Hunter began the quest for the Orb.
     0 | D:1      | Reached XP level 1. HP: 12/12 MP: 3/3
     0 | D:1      | 0 ||| qw: Version: 0.3-a-9-g12657ce
     0 | D:1      | 0 ||| qw: Game counter: 2292
     0 | D:1      | 0 ||| qw: Always use a shield: true
     0 | D:1      | 0 ||| qw: God list: Okawaru
     0 | D:1      | 0 ||| qw: Allow faded altars: false
     0 | D:1      | 0 ||| qw: Do Orc after D:15 true
     0 | D:1      | 0 ||| qw: Do second Lair branch before Depths: true
     0 | D:1      | 0 ||| qw: Lair rune preference: random
     0 | D:1      | 0 ||| qw: Plans: Normal
     0 | D:1      | 0 ||| PLANNING D:1-11
    57 | D:1      | Reached XP level 2. HP: 16/16 MP: 4/4
    89 | D:1      | Reached skill level 6 in Ranged Weapons
   386 | D:1      | Reached XP level 3. HP: 20/20 MP: 5/5
   450 | D:1      | 450 ||| UPGRADING to +1 pair of gloves.
   455 | D:1      | 455 ||| UPGRADING to +0 ring mail.
   465 | D:1      | 465 ||| DROPPING +0 leather armour.
   466 | D:1      | 466 ||| READING scroll labelled ISTUTO TUWU.
   466 | D:1      | Identified a scroll of acquirement
   466 | D:1      | 466 ||| ACQUIRING +1 orcbow of flaming
   466 | D:1      | Acquired a +1 orcbow of flaming
   468 | D:1      | 468 ||| SWAPPING to +1 orcbow of flaming.
   469 | D:1      | 469 ||| DROPPING +0 shortbow.
   470 | D:1      | 470 ||| DROPPING scroll of butterflies.
   868 | D:2      | Reached skill level 7 in Ranged Weapons
  1106 | D:2      | 1106 ||| READING scroll labelled SIREALA EGENA.
  1227 | D:3      | Reached XP level 4. HP: 25/25 MP: 6/6
  1240 | D:3      | Reached skill level 8 in Ranged Weapons
  2036 | D:3      | 2036 ||| READING 2 scrolls labelled ZEXUAFOSUED.
  2037 | D:3      | 2037 ||| READING scroll labelled RIXZUC VOTUNA.
  2038 | D:3      | 2038 ||| READING scroll labelled VENALAXOUZ.
  2039 | D:3      | 2039 ||| DRINKING 2 sedimented emerald potions.
  2126 | D:4      | Reached XP level 5. HP: 29/29 MP: 7/7
  2186 | D:4      | 2186 ||| Stepping ~*~*~tactically~*~*~ (outnumbered).
  2194 | D:4      | Reached skill level 9 in Ranged Weapons
  2200 | D:4      | 2200 ||| DRINKING potion of curing.
  2200 | D:4      | 2200 ||| (to cure confusion)
  2206 | D:4      | HP: 2/30 [worm (6)]
  2207 | D:4      | Slain by an adder

Levels and vault maps discovered:
D:1:      dpeg_arrival_arbitrary_b, layout_rooms, minmay_misc_feat_chi,
          minmay_distorted
D:2:      layout_basic, minmay_misc_feat_secret_circle, columned_hall_lemuel,
          minivault_25, chequers_jeans, grunt_decor_cap
D:3:      layout_loops_corners, chequers_mini_garden,
          chequers_serial_rivers_small_3, small_statue_alley_b,
          chequers_serial_rivers_marsh
D:4:      layout_basic

Skill      XL: |  1  2  3  4  5 |
---------------+----------------+-----
Ranged Weapons | 6 7 8 9 |  9.3
Fighting       | 2 |  2.0
Dodging        | |  2.4
Stealth        | |  1.2

Action                     |  1- 3 |  4- 6 || total
---------------------------+-------+-------++-------
   Fire: Shortbow          |    52 |       ||    52
         Orcbow            |    41 |    55 ||    96
    Use: Scroll            |     2 |     3 ||     5
         Potion            |       |     2 ||     2
 Armour: Leather armour    |     2 |       ||     2
         Ring mail         |     4 |    26 ||    30
  Dodge: Dodged            |    16 |    24 ||    40

Table legend:
 A = Non-vault XP
 B = Vault XP
 C = Vault XP percentage of total XP
 D = Non-vault monster count
 E = Vault monster count
 F = Vault count percentage of total count
                 A         B        C        D         E       F
            +---------+---------+-------+---------+---------+-------
      Total |     366 |       2 |   0.5 |      60 |       1 |   1.6
            +---------+---------+-------+---------+---------+-------
        D:1 |      40 |       2 |   4.8 |      18 |       1 |   5.3
        D:2 |      37 |       0 |   0.0 |      17 |       0 |   0.0
        D:3 |     104 |       0 |   0.0 |      15 |       0 |   0.0
        D:4 |     185 |       0 |   0.0 |      10 |       0 |   0.0
            +---------+---------+-------+---------+---------+-------
